 Dungeon Crawl Stone Soup version 0.21.1-1-g345015f (webtiles) character file.

25 jamsan the Grasshopper (level 2, -3/14 HPs)
             Began as a Spriggan Warper on June 8, 2018.
             Slain by a gnoll
             ... wielding a +0 club
              (4 damage)
             ... on level 1 of the Dungeon.
             The game lasted 00:11:24 (1728 turns).

jamsan the Grasshopper (Spriggan Warper)            Turns: 1728, Time: 00:11:25

Health: -3/14      AC:  4    Str:  7    XL:     2   Next: 86%
Magic:  2/7        EV: 19    Int: 14    God:
Gold:   76         SH:  0    Dex: 15    Spells: 3/7 levels left

rFire    . . .     SeeInvis +   a - +0 short sword
rCold    . . .     Gourm    .   (shield restricted)
rNeg     . . .     Faith    .   b - +0 robe
rPois    .         Spirit   .   j - +2 hat
rElec    .         Reflect  .   (no cloak)
rCorr    .         Harm     .   (gloves unavailable)
MR       .....                  (boots unavailable)
Stlth    ++........             (no amulet)
HPRegen  0.04/turn              (no ring)
MPRegen  0.10/turn              (no ring)

@: shrouded (expiring), very quick
A: very small, unfitting armour, see invisible, herbivore, speed 3, slow
metabolism 2
a: no special abilities


You were on level 1 of the Dungeon.
You were not hungry.

You visited 1 branch of the dungeon, and saw 3 of its levels.

You collected 76 gold pieces.

Inventory:

Hand Weapons
 a - a +0 short sword (weapon)
 p - a +4 hunting sling
Missiles
 e - 5 tomahawks of dispersal
 q - 47 stones (quivered)
Armour
 b - a +0 robe (worn)
 j - a +2 hat (worn)
Jewellery
 k - a +2 ring of strength {unknown}
Scrolls
 d - a scroll of blinking
 g - a scroll of identify {unknown}
 i - a scroll of teleportation {unknown}
 m - a scroll of remove curse {unknown}
 n - a scroll of amnesia {unknown}
 r - a scroll of enchant armour {unknown}
Potions
 h - a potion of heal wounds {unknown}
 l - a potion of lignification {unknown}
 o - a potion of haste {unknown}
Books
 c - a book of Spatial Translocations

   Spells                             Type                      Level
   a - Blink                          Translocation                2
   b - Shroud of Golubria             Charms/Translocation         2
   c - Lesser Beckoning               Translocation                3
   d - Gell's Gravitas                Translocation                3
   e - Teleport Other                 Translocation                3
   f - Passage of Golubria            Translocation                4
Comestibles
 f - 3 rations


   Skills:
 - Level 1.6 Fighting
 + Level 2.3 Short Blades
 - Level 1.0 Throwing
 + Level 4.1 Dodging
 + Level 0.7 Stealth
 + Level 3.3 Spellcasting
 + Level 4.7 Translocations


You had 3 spell levels left.
You knew the following spells:

 Your Spells              Type           Power        Failure   Level  Hunger
a - Blink                 Tloc           N/A          4%          2    ##.....
b - Shroud of Golubria    Chrm/Tloc      #.........   12%         2    ##.....


Dungeon Overview and Level Annotations

Branches:
Dungeon (3/15)

Altars:


Innate Abilities, Weirdness & Mutations

You are very small and have problems with some larger weapons.
You are too small for most types of armour.
You have supernaturally acute eyesight. (SInv)
You are a herbivore.
You cover ground extremely quickly.
You need consume almost no food.


Message History

You hit the gnoll.
The gnoll is heavily wounded.
The gnoll closely misses you.
You hit the gnoll.
The gnoll is heavily wounded.
The gnoll hits you with a club.
* * * LOW HITPOINT WARNING * * *
You hit the gnoll but do no damage.
The gnoll is heavily wounded.
Casting: Shroud of Golubria
Confirm with . or Enter, or press ? or * to list all spells.
You blink.
You see here a stone.
You see here 2 stones.
Your shroud begins to fray at the edges.
The gnoll shouts!
Casting: Blink
Confirm with . or Enter, or press ? or * to list all spells.
You blink.
The gnoll hits you with a club.
You die...

#.# #[............##
###.# ###########.....
#...# #....## #g###
#.##.# #.# #.##.## #g#
#.##..# #.# ###♣♣.#
#.############ ♣♣.##
#..§g@(......♣#♣♣#.♣.♣
############≈#........
#≈#........
###..##'### ♣♣..#..P.P
##...#.....
#.#..#.<...
♣....#.....
#≈#..#.....


You could see a gnoll.

Vanquished Creatures
  2 dart slugs (D:1)
  A leopard gecko (D:1)
  3 bats (D:1)
  3 goblins (D:1)
  2 hobgoblins (D:1)
  A kobold (D:1)
  2 frilled lizards (D:1)
  8 rats (D:1)
22 creatures vanquished.

Notes
Turn   | Place    | Note
-------+----------+-------------------------------------------
     0 | D:1      | jamsan the Spriggan Warper began the quest for the Orb.
     0 | D:1      | Reached XP level 1. HP: 10/10 MP: 5/5
   427 | D:1      | Reached XP level 2. HP: 14/14 MP: 7/7
   431 | D:1      | Learned a level 2 spell: Blink
   434 | D:1      | Learned a level 2 spell: Shroud of Golubria
  1728 | D:1      | Slain by a gnoll

Skill      XL: |  1 |
---------------+----+-----
Dodging        | 4 |  4.1
Spellcasting   | 3 |  3.3
Fighting       | |  1.6
Short Blades   | |  2.3
Throwing       | |  1.0
Stealth        | |  0.7
Translocations | |  4.7

Action                   || total
-------------------------++-------
Melee: Short sword       ||   100
 Fire: Hunting sling     ||     3
Throw: Stone             ||     1
 Cast: Shroud of Golubri ||     8
       Blink             ||     3
 Stab: Sleeping          ||     2
Armor: Robe              ||     8
Dodge: Dodged            ||    90
